AoeStats
← //strype//

Black Forest

505276355Analyzed
1v1 RM · 24d ago on Sep 8, 2026· 63m 9s· 2 players
Game mode
Random Map
Map size
Tiny (2 player)
Population
200
Speed
Normal
Resources
Standard
Victory
Conquest
Starting age
Dark Age
Ending age
Imperial Age
RankedLock teamsTeams togetherTeam positionsShared explorationLock speedFull tech treeHidden civsTurbo modeCheats
Victory
Defeat
🇨🇦 Burmese · Canada
978
+16
🇩🇪 Huns · Germany
986
-16
//strype//
7:37 Loom
11:37 Feudal Age
12:35 Horse Collar
20:11 Castle Age
18:11 Stone Mining
18:12 Gold Mining
19:10 Scale Barding Armor
20:13 Bloodlines
21:38 Wheelbarrow
21:13 Husbandry
21:27 Heavy Plow
25:03 Forging
26:34 Hand Cart
29:20 Gold Mining
31:44 Chain Barding Armor
32:13 Town Watch
32:26 Man-at-Arms
32:53 Gambesons
33:08 Squires
34:19 Town Patrol
37:23 Imperial Age
36:55 Iron Casting
36:25 Scale Mail Armor
36:09 Long Swordsman
37:51 Gold Shaft Mining
37:47 Two-Handed Swordsman
38:44 Chain Mail Armor
39:30 Blast Furnace
39:05 Plate Barding Armor
39:41 Conscription
39:26 Howdah
39:14 Champion
40:39 Pikeman
41:53 Manipur Cavalry
43:35 Fletching
44:16 Plate Mail Armor
43:40 Fletching
44:28 Elite Battle Elephant
45:46 Bodkin Arrow
53:10 Guilds
53:06 Manipur Cavalry
54:15 Halberdier
56:13 Bracer
minaamq
10:03 Loom
12:36 Feudal Age
14:07 Town Watch
16:53 Castle Age
15:30 Horse Collar
15:50 Double-Bit Axe
19:13 Wheelbarrow
18:50 Scale Barding Armor
18:55 Forging
18:50 Padded Archer Armor
18:40 Fletching
22:45 Bow Saw
24:17 Hand Cart
24:13 Heavy Plow
24:10 Loom
24:55 Pikeman
25:36 Squires
27:11 Scale Mail Armor
29:41 Bodkin Arrow
30:01 Leather Archer Armor
31:11 Town Patrol
32:09 Iron Casting
31:54 Chain Barding Armor
32:00 Chain Mail Armor
31:59 Gold Mining
31:59 Stone Mining
32:44 Marauders
33:15 Thumb Ring
36:31 Imperial Age
35:05 Thumb Ring
34:27 Light Cavalry
35:17 Bloodlines
35:07 Husbandry
36:07 Ballistics
35:57 Masonry
37:41 Gold Shaft Mining
36:43 Hussar
37:48 Conscription
37:52 Atheism
37:04 Capped Ram
37:23 Halberdier
37:49 Arson
38:35 Parthian Tactics
38:19 Siege Ram
39:18 Heavy Cavalry Archer
40:22 Bracer
42:39 Chemistry
41:39 Murder Holes
47:19 Blast Furnace
46:56 Plate Barding Armor
56:41 Two-Man Saw
Connection lost

Rejoining the realm…

Still unreachable

The connection could not be restored.

Session expired

The server has moved on; the page needs a fresh start.